 Dungeon Crawl Stone Soup version 0.29-a0-872-g797fff5ad1 (webtiles) character file.

Game seed: 11924846105041550753

599711 siradein the Cardsharp (level 25, 0/216 (222) HPs)
             Began as a Palentonga Fighter on June 28, 2022.
             Was a High Priest of Nemelex Xobeh.
             Killed from afar by a black draconian knight (13 damage)
             ... with a bolt of lightning
             ... on level 3 of the Realm of Zot on July 19, 2022.
             The game lasted 05:58:50 (74905 turns).

siradein the Cardsharp (Palentonga Fighter)        Turns: 74905, Time: 05:58:51

HP:   0/216 (222)   AC: 56    Str: 25    XL:     25   Next: 92%
MP:   37/37         EV:  7    Int: 10    God:    Nemelex Xobeh [*****.]
Gold: 1267          SH: 20    Dex: 19    Spells: 24/24 levels left

rFire   + + +      SeeInvis +   k - +7 Singing Sword {vorpal, sonic wave}
rCold   + + +      Faith    +   X - +5 kite shield {reflect}
rNeg    . . .      Spirit   .   c - +7 gold dragon scales
rPois   +          Reflect  +   D - +2 helmet
rElec   +          Harm     .   H - +2 cloak {Will+}
rCorr   +          Rampage  .   p - +0 pair of gloves of the Bulwark {Dex+3 Slay+6}
Will    +++..                   x - +4 barding {rC+}
Stlth   ..........              N - amulet "Caeruke" {Faith rElec rC+ Regen+}
HPRegen 1.26/turn               E - ring of the City {rC++ Will+ Str+3}
MPRegen 0.25/turn               V - ring "Woxumaq" {rPois rF++ rCorr AC+4 Int-4}

@: studying Staves, lightly drained, curled up
A: large, rugged brown scales 3, see invisible, deformed body, roll 2, armoured
tail, reflexive curl, clever 1, subdued magic 1
}: 4/15 runes: decaying, slimy, silver, gossamer
a: Rolling Charge, Renounce Religion, Draw Escape, Draw Destruction, Draw
Summoning, Draw Stack, Triple Draw, Deal Four, Stack Five


You were on level 3 of the Realm of Zot.
You worshipped Nemelex Xobeh.
Nemelex Xobeh was extremely pleased with you.
You visited 11 branches of the dungeon, and saw 52 of its levels.
You visited the Abyss 2 times.
You visited 2 bazaars.
You also visited: Trove, Gauntlet and Ice Cave.

You collected 6451 gold pieces.
You spent 5184 gold pieces at shops.

Inventory:

Hand Weapons
 k - the +7 Singing Sword (weapon) {vorpal, sonic wave}
   (You found it on level 4 of the Dungeon)

   It inflicts extra damage upon your enemies.
   It radiates damaging sonic waves as it strikes, especially in combat
   involving dangerous or numerous foes.
 y - the +4 double sword of True Grit {freeze, Str+5}
   (You found it on level 6 of the Dungeon)

   It freezes those it strikes, dealing additional cold damage.
   It can also slow down cold-blooded creatures.
   Str:       It affects your strength (+5).
Missiles
 s - 16 boomerangs
 t - 3 throwing nets
 v - 21 javelins
 Y - 14 silver javelins
 Z - 8 silver boomerangs
Armour
 c - +7 gold dragon scales (worn)
 p - the +0 pair of gloves of the Bulwark (worn) {Dex+3 Slay+6}
   (You found it on level 2 of the Dungeon)

   Dex:       It affects your dexterity (+3).
   Slay:      It affects your accuracy & damage with ranged weapons and melee
   (+6).
 x - a +4 barding of cold resistance (worn)
 D - a +2 helmet (worn)
 H - a +2 cloak of willpower (worn)
 X - a +5 kite shield of reflection (worn)
Jewellery
 B - a ring of resist corrosion
 E - the ring of the City (left hand) {rC++ Will+ Str+3}
   (You took it off a deep elf death mage on level 3 of the Elven Halls)

   [ring of willpower]

   Str:       It affects your strength (+3).
   rC:        It greatly protects you from cold.
   Will:      It increases your willpower.
 I - the ring "Aminit" {+Blink Int+6 Slay+4}
   (You bought it in a shop on level 3 of the Elven Halls)

   [ring of intelligence]

   Int:       It affects your intelligence (+6).
   Slay:      It affects your accuracy & damage with ranged weapons and melee
   (+4).
   +Blink:    It lets you blink.
 N - the amulet "Caeruke" (around neck) {Faith rElec rC+ Regen+}
   (You took it off a deep elf high priest on level 5 of the Vaults)

   [amulet of faith]

   It allows you to gain divine favour quickly.
   rC:        It protects you from cold.
   rElec:     It insulates you from electricity.
   Regen:     It increases your rate of health regeneration.
 O - the ring "Onokk" {Fly rF+ Str+3}
   (You found it on level 5 of the Pits of Slime)

   [ring of flight]

   Str:       It affects your strength (+3).
   rF:        It protects you from fire.
   Fly:       It grants you flight.
 R - the ring "Anyd" {rC+ rN+ Int+2}
   (You took it off a deep elf death mage on level 3 of the Elven Halls)

   [ring of positive energy]

   Int:       It affects your intelligence (+2).
   rC:        It protects you from cold.
   rN:        It protects you from negative energy.
 V - the ring "Woxumaq" (right hand) {rPois rF++ rCorr AC+4 Int-4}
   (You found it on level 4 of the Depths)

   [ring of protection]

   AC:        It affects your AC (+4).
   Int:       It affects your intelligence (-4).
   rF:        It greatly protects you from fire.
   rPois:     It protects you from poison.
   rCorr:     It protects you from acid and corrosion.
Wands
 r - a wand of flame (4) (quivered)
 F - a wand of polymorph (31)
 G - a wand of light (38)
 J - a wand of mindburst (15)
 K - a wand of roots (18)
 Q - a wand of iceblast (9)
 S - a wand of charming (60)
 W - a wand of digging (9)
Scrolls
 f - 9 scrolls of fear
 h - 2 scrolls of silence
 j - 10 scrolls of blinking
 m - 10 scrolls of magic mapping
 u - 5 scrolls of summoning
 w - 29 scrolls of teleportation
 A - 13 scrolls of fog
Potions
 b - 14 potions of brilliance
 d - 15 potions of might
 e - 10 potions of ambrosia
 g - 14 potions of heal wounds
 l - 5 potions of berserk rage
 n - 30 potions of curing
 o - 5 potions of mutation
 q - 8 potions of haste
 z - 6 potions of resistance
 L - 3 potions of magic
 P - 5 potions of cancellation
 T - 8 potions of invisibility
Miscellaneous
 a - a lightning rod (4/4)
 i - a phantom mirror
 C - a tin of tremorstones (2/2)
 M - a condenser vane
 U - a box of beasts


   Skills:
 + Level 19.2 Fighting
 - Level 16.0 Long Blades
 - Level 3.8 Maces & Flails
 + Level 12.7 Throwing
 + Level 16.6 Armour
 - Level 13.5 Dodging
 + Level 17.8 Shields
 + Level 20.3 Invocations
 + Level 14.9 Evocations


You had 24 spell levels left.
You didn't know any spells.
Your spell library contained the following spells:

 Spells                   Type           Power      Damage    Failure   Level
 Apportation              Tloc           0%         N/A       100%        1
 Beastly Appendage        Tmut           0%         N/A       100%        1
 Freeze                   Ice            0%         1d3       100%        1
 Magic Dart               Conj           0%         1d3       100%        1
 Necrotise                Necr           0%         1d4       100%        1
 Slow                     Hex            0%         N/A       100%        1
 Summon Small Mammal      Summ           0%         N/A       100%        1
 Blink                    Tloc           0%         N/A       100%        2
 Ensorcelled Hibernation  Hex/Ice        0%         N/A       100%        2
 Passwall                 Tmut/Erth      0%         N/A       100%        2
 Poisonous Vapours        Pois/Air       0%         N/A       100%        2
 Searing Ray              Conj           0%         2d4       100%        2
 Sublimation of Blood     Necr           0%         N/A       100%        2
 Wereblood                Tmut           0%         N/A       100%        2
 Confusing Touch          Hex            0%         N/A       100%        3
 Conjure Flame            Conj/Fire      0%         6-21      100%        3
 Dazzling Flash           Conj/Hex       0%         N/A       100%        3
 Frozen Ramparts          Ice            0%         1d2       100%        3
 Gell's Gravitas          Tloc           0%         N/A       100%        3
 Ignite Poison            Fire/Tmut/Pois 0%         N/A       100%        3
 Lesser Beckoning         Tloc           0%         N/A       100%        3
 Mephitic Cloud           Conj/Pois/Air  0%         N/A       100%        3
 Ozocubu's Armour         Ice            0%         N/A       100%        3
 Spider Form              Tmut/Pois      0%         N/A       100%        3
 Teleport Other           Tloc           0%         N/A       100%        3
 Tukima's Dance           Hex            0%         N/A       100%        3
 Vampiric Draining        Necr           0%         2d6       100%        3
 Anguish                  Hex/Necr       0%         N/A       100%        4
 Animate Armour           Summ/Erth      0%         N/A       100%        4
 Corpse Rot               Necr/Pois/Air  0%         N/A       100%        4
 Dispel Undead            Necr           0%         3d6       100%        4
 Fulminant Prism          Conj/Hex       0%         3d6       100%        4
 Hailstorm                Conj/Ice       0%         3d3       100%        4
 Ice Form                 Ice/Tmut       0%         N/A       100%        4
 Iskenderun's Mystic Bla  Conj/Tloc      0%         2d3       100%        4
 Leda's Liquefaction      Hex/Erth       0%         N/A       100%        4
 Olgreb's Toxic Radiance  Pois           0%         N/A       100%        4
 Petrify                  Tmut/Erth      0%         N/A       100%        4
 Sticky Flame             Conj/Fire      0%         2d3       100%        4
 Summon Ice Beast         Ice/Summ       0%         N/A       100%        4
 Agony                    Necr           0%         N/A       100%        5
 Blade Hands              Tmut           0%         N/A       100%        5
 Fireball                 Conj/Fire      0%         3d3       100%        5
 Freezing Cloud           Conj/Ice/Air   0%         6-21      100%        5
 Irradiate                Conj/Tmut      0%         3d11      100%        5
 Iskenderun's Battlesphe  Conj           0%         2d6       100%        5
 Lee's Rapid Deconstruct  Erth           0%         3d5*      100%        5
 Manifold Assault         Tloc           0%         N/A       100%        5
 Metabolic Englaciation   Hex/Ice        0%         N/A       100%        5
 Silence                  Hex/Air        0%         N/A       100%        5
 Summon Forest            Summ/Tloc      0%         N/A       100%        5
 Summon Mana Viper        Hex/Summ       0%         N/A       100%        5
 Conjure Ball Lightning   Conj/Air       0%         3x3d6     100%        6
 Death Channel            Necr           0%         N/A       100%        6
 Dispersal                Tloc           0%         N/A       100%        6
 Iron Shot                Conj/Erth      0%         9d1       100%        6
 Simulacrum               Ice/Necr       0%         N/A       100%        6
 Starburst                Conj/Fire      0%         6d3       100%        6
 Statue Form              Tmut/Erth      0%         N/A       100%        6
 Summon Cactus Giant      Summ           0%         N/A       100%        6
 Haunt                    Necr/Summ      0%         N/A       100%        7
 Malign Gateway           Summ/Tloc      0%         N/A       100%        7
 Monstrous Menagerie      Summ           0%         N/A       100%        7
 Ozocubu's Refrigeration  Ice            0%         4d5       100%        7
 Spellforged Servitor     Conj/Summ      0%         N/A       100%        7
 Storm Form               Tmut/Air       0%         N/A       100%        7
 Summon Hydra             Summ           0%         N/A       100%        7
 Disjunction              Tloc           0%         N/A       100%        8
 Ignition                 Fire           0%         3d3       100%        8
 Necromutation            Tmut/Necr      0%         N/A       100%        8
 Summon Horrible Things   Summ           0%         N/A       100%        8
 Polar Vortex             Ice            0%         N/A       100%        9


Dungeon Overview and Level Annotations

Branches:
Dungeon (15/15)            Temple (1/1) D:4            Lair (6/6) D:10
  Swamp (4/4) Lair:4       Spider (4/4) Lair:3        Slime (5/5) Lair:6
    Orc (2/2) D:10            Elf (3/3) Orc:2        Vaults (5/5) D:14
  Crypt (0/3) Vaults:3     Depths (4/4) D:15            Zot (3/5) Depths:4
  IceCv (visited)         Gauntlet (visited)

Altars:
Ashenzari
Cheibriados
Dithmenos
Elyvilon
Fedhas
Gozag
Hepliaklqana
Kikubaaqudgha
Makhleb
Nemelex Xobeh
Okawaru
Qazlal
Ru
Sif Muna
Trog
Uskayaw
Vehumet
Wu Jian
Xom
Yredelemnul
Zin
The Shining One

Shops:
D:3 *   D:10 !   D:11 *((*   D:15 [   Orc:2 (**=?   Elf:2 [   Elf:3 =
Vaults:3 *[*   Vaults:5 ?   Depths:4 =:

Portals:
Hell: Depths:1 Depths:2 Depths:3 Depths:4
Abyss: Depths:1 Depths:3
Pandemonium: Depths:2 Depths:3
Ziggurat: Depths:1


Innate Abilities, Weirdness & Mutations

You are completely covered in rugged brown scales. (AC +3, +7% HP)
You have supernaturally acute eyesight. (SInv)
Armour fits poorly on your strangely shaped body.
You can roll at foes to attack.
You have a long armoured tail.
You curl defensively after being hit. (AC +7*)
Your mind is acute. (Int +4, Str/Dex -1)
Your spells are a little easier to cast, but a little less powerful.


Message History

* * * LOW HITPOINT WARNING * * *
You block the storm dragon's attack. The storm dragon claws you!
* * * LOW HITPOINT WARNING * * *
The storm dragon tramples you.
* * * LOW HITPOINT WARNING * * *
You stumble backwards!
Blink to where?
Press: ? - help, Dir - move target
As you read the scroll of blinking, it crumbles to dust.
The storm dragon rages.
The storm dragon is no longer berserk.
The storm dragon breathes lightning at you.
The bolt of lightning hits you. You resist.
* * * LOW HITPOINT WARNING * * *
The storm dragon breathes lightning at you.
The bolt of lightning hits you. You resist.
* * * LOW HITPOINT WARNING * * *
The black draconian knight breathes lightning at you.
The bolt of lightning hits you! You resist.
* * * LOW HITPOINT WARNING * * *
There is an open door, spattered with blood here.
Things that are here:
+0 gold dragon scales; a golden dragon corpse
There is an open door here.
The black draconian knight breathes lightning at you.
The bolt of lightning hits you. You resist.
* * * LOW HITPOINT WARNING * * *
There is a fountain of clear blue water here.
You see here a shadow dragon skeleton.
The storm dragon breathes lightning at you.
The bolt of lightning hits the black draconian knight.
The black draconian knight completely resists.
The bolt of lightning hits you! You resist.
* * * LOW HITPOINT WARNING * * *
The black draconian knight breathes lightning at you.
The bolt of lightning hits you. You resist.
* * * LOW HITPOINT WARNING * * *
The bolt of lightning hits you! You resist.
You die...
Your body disappears without a glow.

##...##...#.........#.
#>.⌠..'.⌠.'...q.....#
##...##..D#....D...###
#######'###.........##
##q##..######...##
#...#.#######....##
#.⌠.#####.........#
#.÷.# #.......§..#
##@## #^#####......
### #..##.. #..##..
#..##.. #.###..
#####D# ##.q# ##.X##
#..##


You could see a black draconian knight (fast, catching breath) and a storm
dragon (catching breath).

Vanquished Creatures
  the Royal Jelly (Slime:5)
  A dread lich (Vaults:5)
  An orb of fire (Zot:1)
  Parghit (Zot:1)
  A shard shrike (Slime:5)
  A curse toe (Zot:2)
  6 caustic shrikes
  5 golden dragons
  The ghost of Jyejeiptew the Messiah, an adept HOMo of Beogh (Elf:1)
  A doom hound (Zot:2)
  22 tentacled monstrosities
  Zenata (Vaults:3)
  Rupert (Spider:1)
  A walking crystal tome (Depths:3)
  5 liches
  3 deep elf master archers (Elf:3)
  4 titans
  A walking earthen tome (Depths:2)
  Asterion (Spider:1)
  2 deep elf blademasters (Elf:3)
  5 quicksilver dragons
  23 acid blobs
  4 death cobs
  A sphinx (shapeshifter) (Vaults:5)
  3 sphinxes
  4 tentacled starspawn
  5 shadow dragons
  Agnes (Elf:1)
  Kirke (Spider:2)
  5 tengu reavers
  Roxanne (Elf:1)
  6 storm dragons
  12 azure jellies
  6 draconian monks (Depths:4)
  A fenstrider witch (Swamp:3)
  Donald (Orc:1)
  8 frost giants
  14 fire giants
  14 rockslimes
  7 emperor scorpions
  A draconian knight (Zot:2)
  14 vault wardens
  4 iron dragons
  A juggernaut zombie (Depths:1)
  3 orc warlords
  A caustic shrike zombie (Abyss:3)
  Aizul (Vaults:3)
  A cacodemon (Depths:2)
  3 deep elf elementalists (Elf:3)
  A spectral juggernaut (Depths:1)
  4 deep elf sorcerers
  3 ghost moths
  11 very ugly things
  5 draconian annihilators
  2 draconian shifters (Zot:2)
  21 ironbound preservers
  2 ghouls (Swamp:3)
  2 draconian stormcallers
  2 spriggan defenders (Depths:3)
  8 green draconians
  2 war gargoyles
  13 quicksilver oozes
  2 vampire knights
  16 stone giants
  11 ironbound thunderhulks
  8 deep elf demonologists
  3 minotaurs
  3 dire elephants
  6 white draconians
  9 black draconians
  4 entropy weavers
  5 deep elf annihilators
  6 eleionomae
  11 purple draconians
  3 yellow draconians
  6 red draconians
  Snorg (Lair:6)
  14 deep elf death magi
  4 bunyips
  18 ettins
  Josephine (Spider:1)
  A crystal guardian (Vaults:2)
  A merfolk javelineer (Depths:2)
  7 fire dragons
  A shambling mangrove (Swamp:4)
  17 yaktaur captains
  8 deep elf high priests
  2 jiangshi (Depths:1)
  9 great orbs of eyes
  10 boulder beetles
  A quicksilver dragon zombie (Depths:2)
  An ice dragon (shapeshifter) (Depths:2)
  12 hydras
  11 ice dragons
  3 rakshasas
  A spriggan zombie (Depths:1)
  8 ironbound frosthearts
  A peacekeeper (Vaults:2)
  6 ogre magi
  2 ghost crabs (Swamp:3)
  33 vault guards
  13 centaur warriors
  4 radroaches
  3 jorogumos (Spider:2)
  4 spriggan air magi
  8 catoblepae
  20 two-headed ogres
  6 alligators
  An anaconda (Lair:5)
  3 spriggan skeletons
  A satyr (Swamp:2)
  24 dancing weapons
  6 tengu warriors
  15 death yaks
  4 deep troll shamans
  The ghost of lunkers the Geomancer, a novice MeEE of Vehumet (D:8)
  4 deep troll earth magi
  2 vampire magi (Depths:1)
  2 thrashing horrors (Abyss:3)
  3 orc high priests
  A storm dragon zombie (Depths:2)
  A spriggan berserker (Depths:1)
  2 sun demons (Depths:2)
  13 deep elf knights
  A shock serpent (shapeshifter) (Vaults:3)
  5 iron trolls
  2 sixfirhies (Depths:2)
  3 wretched stars
  6 goliath frogs
  A goliath frog (shapeshifter) (Vaults:5)
  A fire crab (Vaults:2)
  6 pharaoh ants
  4 sun moths
  5 spriggan druids
  2 death drakes
  A sea snake (shapeshifter) (Vaults:5)
  52 deep trolls
  5 glowing orange brains
  8 steelbarb worms
  A deep troll (shapeshifter) (Vaults:5)
  9 orb spiders
  12 deep elf archers
  A phantasmal warrior (Vaults:5)
  16 ironbound convokers
  9 wizards
  5 swamp dragons
  A bunyip skeleton (Abyss:2)
  5 bog bodies
  A harpy (shapeshifter) (Elf:3)
  A tengu zombie (Vaults:2)
  2 flayed ghosts
  A mana viper (Vaults:3)
  An iron dragon zombie (Depths:1)
  A frost giant zombie (Depths:1)
  8 lindwurms
  6 necromancers
  31 deep elf pyromancers
  3 harpies (Vaults:3)
  2 cyclopes
  3 orc sorcerers
  3 manticores
  30 deep elf zephyrmancers
  42 ugly things
  9 shining eyes
  12 wolf spiders
  18 elephants
  9 orc knights
  2 will-o-the-wisps
  A worldbinder (Abyss:3)
  A faun (shapeshifter) (Depths:4)
  21 moths of wrath
  2 sphinx skeletons
  A frost giant skeleton (Depths:1)
  A guardian serpent (D:10)
  An apocalypse crab (Abyss:3)
  A black mamba (shapeshifter) (Vaults:5)
  A fire giant skeleton (Depths:1)
  9 torpor snails
  13 vault sentinels
  2 eyes of devastation
  7 black mambas
  3 gargoyles
  15 cane toads
  A molten gargoyle (Depths:3)
  2 smoke demons (Abyss:3)
  2 ice statues (IceCv)
  33 yaktaurs
  An unseen horror (shapeshifter) (D:15)
  5 freezing wraiths
  2 unseen horrors
  22 demonic crawlers
  A komodo dragon (shapeshifter) (Vaults:5)
  4 rime drakes
  3 tengu conjurers
  9 ice devils
  3 efreet (Zot:1)
  An entropy weaver simulacrum (IceCv)
  13 komodo dragons
  2 anaconda simulacra (IceCv)
  9 trolls
  An ancient zyme (Abyss:3)
  17 hornets
  A queen bee (Spider:3)
  11 tyrant leeches
  5 meliai
  A polar bear (shapeshifter) (Elf:1)
  A polar bear (Lair:5)
  30 tarantellas
  23 blink frogs
  8 raiju
  9 large abominations
  3 dream sheep
  A fire giant simulacrum (Depths:2)
  A stone giant simulacrum (Vaults:2)
  105 slime creatures
  A jumping spider (shapeshifter) (Vaults:5)
  A flying skull (Vaults:3)
  7 water elementals
  2 ynoxinuls
  18 jumping spiders
  7 starcursed masses
  A culicivora (shapeshifter) (Vaults:1)
  2 dire elephant simulacra (IceCv)
  7 spriggans
  15 culicivoras
  4 wyverns
  8 wraiths
  74 yaks
  4 fire elementals
  7 basilisks
  5 hogs (Spider:2)
  5 humans
  Eustachio (D:3)
  50 redbacks
  17 golden eyes
  3 chaos spawn
  2 neqoxecs
  A steam dragon (Lair:4)
  5 harpy simulacra (IceCv)
  A spatial vortex (Abyss:3)
  10 vampire mosquitoes
  2 yaktaur simulacra (Vaults:5)
  5 swamp worm simulacra (Swamp:4)
  3 wargs
  A glowing shapeshifter zombie (Vaults:2)
  10 swamp worms
  3 acid dragons
  A naga (Vaults:3)
  17 hydra simulacra (Swamp:4)
  An ogre skeleton (Vaults:5)
  23 water moccasins
  3 floating eyes
  44 orc warriors
  A glowing shapeshifter skeleton (Depths:2)
  An ice beast (D:5)
  3 black bears
  19 wolves
  22 centaurs
  20 ogres
  A human skeleton (Vaults:2)
  2 phantoms
  3 kobold brigands
  A bullfrog (shapeshifter) (Vaults:5)
  14 bullfrogs
  4 small abominations
  A glowing shapeshifter simulacrum (Vaults:5)
  2 earth elementals (Elf:2)
  2 gnoll sergeants (D:8)
  9 scorpions
  A cane toad simulacrum (IceCv)
  An elephant simulacrum (IceCv)
  16 killer bees
  4 howler monkeys
  An electric eel (Lair:5)
  3 hounds
  3 jellies (Lair:6)
  12 orc priests
  2 iron imps (Abyss:2)
  27 orc wizards
  4 iguanas
  7 hell rats (Lair:2)
  A lightning spire (Gauntlet)
  A troll simulacrum (IceCv)
  A gnoll (D:6)
  9 adders
  A naga simulacrum (IceCv)
  A shadow imp (D:5)
  3 white imps
  5 ufetubi
  3 swamp drake simulacra (Swamp:4)
  2 worms
  4 dart slugs
  103 orcs
  5 ball pythons
  6 endoplasms
  5 giant cockroaches
  6 goblins
  4 hobgoblins
  6 jackals
  17 kobolds
  6 quokkas
  14 bats
  3 frilled lizards (D:1)
  8 rats
  7 briar patches (Swamp:4)
  2 starspawn tentacles (Abyss:3)
2229 creatures vanquished.

Vanquished Creatures (collateral kills)
  An acid blob (Slime:5)
  A quicksilver ooze (Slime:5)
  A reaper (IceCv)
  2 ironbound thunderhulks (Vaults:3)
  A shambling mangrove (Swamp:4)
  A great orb of eyes (D:10)
  9 hydras
  A radroach (Spider:4)
  An alligator (Swamp:4)
  A soul eater (Vaults:3)
  A steelbarb worm (Spider:4)
  A deep troll (D:15)
  A wizard (D:15)
  An oklob plant (D:10)
  A demonic crawler (Spider:4)
  A freezing wraith (Vaults:3)
  2 tyrant leeches (Swamp:4)
  A flying skull (Vaults:3)
  2 redbacks (Spider:4)
  2 orc warriors (Orc:2)
  3 wolves (Lair:4)
  An ogre (shapeshifter) (D:15)
  2 bullfrogs
  A jelly (Lair:6)
39 creatures vanquished.

Vanquished Creatures (others)
  Nikola (Spider:4)
  A broodmother (Spider:2)
  A peacekeeper (Vaults:1)
  2 bloated husks
  A queen bee (shapeshifter) (D:13)
  2 jumping spiders (Spider:4)
  A yak (Lair:6)
  A swamp worm (Swamp:4)
  3 bushes (Lair:1)
  12 foxfires
  100 fungi
  146 plants
  7 starspawn tentacles (Abyss:3)
278 creatures vanquished.

Grand Total: 2546 creatures vanquished

Notes
Turn   | Place    | Note
-------+----------+-------------------------------------------
     0 | D:1      | siradein the Palentonga Fighter began the quest for the
                  | Orb.
     0 | D:1      | Reached XP level 1. HP: 19/19 MP: 1/1
   262 | D:1      | Reached XP level 2. HP: 25/25 MP: 2/2
  1043 | D:1      | Reached XP level 3. HP: 29/31 MP: 3/3
  1882 | D:2      | Found a snail-covered altar of Cheibriados.
  2058 | D:2      | Identified the +0 pair of gloves of the Bulwark {Dex+3
                  | Slay+6}
  2289 | D:3      | Found Futidyk's General Store.
  2319 | D:3      | Found a faded altar of an unknown god.
  2553 | D:3      | Reached XP level 4. HP: 34/37 MP: 4/4
  3086 | D:4      | Noticed Eustachio
  3105 | D:3      | Killed Eustachio
  3106 | D:3      | Reached XP level 5. HP: 10/44 MP: 5/5
  3406 | D:4      | Found a hazy altar of Hepliaklqana.
  3662 | D:4      | Reached XP level 6. HP: 51/51 MP: 6/6
  3755 | D:4      | Found the +7 Singing Sword {vorpal, sonic wave}
  3841 | D:4      | Found a staircase to the Ecumenical Temple.
  4015 | Temple   | Entered the Ecumenical Temple
  4201 | Temple   | Became a worshipper of Nemelex Xobeh the Trickster
  4259 | D:5      | Entered Level 5 of the Dungeon
  4283 | D:4      | Reached skill level 1 in Long Blades
  4283 | D:4      | Gained mutation: You curl defensively after being hit. (AC
                  | +7*) [Palentonga growth]
  4283 | D:4      | Reached XP level 7. HP: 47/58 MP: 7/7
  4575 | D:5      | Reached skill level 5 in Fighting
  4951 | D:5      | Reached XP level 8. HP: 66/66 MP: 8/8
  4971 | D:5      | Reached * piety under Nemelex Xobeh
  5259 | D:6      | Found a large runed translucent door.
  5263 | D:6      | Reached skill level 5 in Long Blades
  5263 | D:6      | Found a large runed translucent door.
  5265 | D:6      | Noticed a gargoyle
  5268 | D:6      | Found a large runed translucent door.
  5268 | D:6      | Found a large runed translucent door.
  5326 | D:6      | Received a gift from Nemelex Xobeh
  5700 | D:6      | Identified the +4 double sword of True Grit {freeze, Str+5}
  5731 | D:6      | Reached XP level 9. HP: 68/72 MP: 9/9
  5872 | D:6      | Reached skill level 10 in Long Blades
  5996 | D:6      | Found a broken altar of Ashenzari.
  6003 | D:6      | Found a bloodstained altar of Trog.
  6256 | D:7      | Reached skill level 1 in Invocations
  6306 | D:7      | Reached ** piety under Nemelex Xobeh
  6953 | D:8      | Reached skill level 1 in Dodging
  7314 | D:8      | Reached skill level 5 in Shields
  7314 | D:8      | Reached skill level 2 in Invocations
  7428 | D:8      | Found a white marble altar of Elyvilon.
  7475 | D:8      | Found a transporter.
  7480 | D:8      | Found a transporter.
  7485 | D:8      | Found a bloodstained altar of Trog.
  7485 | D:8      | Noticed a troll
  7488 | D:8      | Noticed a moth of wrath
  7498 | D:8      | Noticed lunkers's ghost (novice MeEE)
  7681 | D:9      | Reached XP level 10. HP: 49/81 MP: 11/11
  7881 | D:9      | Received a gift from Nemelex Xobeh
  7994 | D:9      | Reached *** piety under Nemelex Xobeh
  8073 | D:9      | Reached skill level 3 in Invocations
  8151 | D:9      | Reached skill level 5 in Armour
  8530 | D:10     | Entered Level 10 of the Dungeon
  8531 | D:10     | Upgraded the game from 0.29-a0-721-g7f417c9bbb to
                  | 0.29-a0-730-g5686a2c4f1
  8764 | D:10     | Reached skill level 4 in Invocations
  8835 | D:10     | Received a gift from Nemelex Xobeh
  8865 | D:10     | Noticed an oklob plant
  9127 | D:10     | Found Jiawk's Distillery.
  9150 | D:10     | Bought a potion of attraction for 36 gold pieces
  9230 | D:10     | Found a shimmering blue altar of Sif Muna.
  9317 | D:10     | Noticed a great orb of eyes
  9322 | D:10     | Killed a great orb of eyes
  9373 | D:10     | Found a staircase to the Lair.
  9490 | D:11     | Noticed a gargoyle
  9501 | D:11     | Killed a gargoyle
  9677 | D:11     | Reached XP level 11. HP: 88/88 MP: 14/14
  9882 | D:11     | Found Vicsenui's Assorted Antiques.
  9890 | D:11     | Bought a scroll of identify for 56 gold pieces
  9971 | D:11     | Received a gift from Nemelex Xobeh
 10224 | D:11     | Reached **** piety under Nemelex Xobeh
 10270 | D:11     | Found Pauneoxemn's Assorted Antiques.
 10307 | D:11     | Found Qapseit's Weapon Boutique.
 10321 | D:11     | Reached skill level 5 in Invocations
 10594 | D:11     | Found Poklace's Weapon Emporium.
 11280 | D:10     | Killed an oklob plant
 11293 | D:10     | Found a portal to a secret trove of treasure.
 11303 | Trove    | Entered a treasure trove
 11479 | D:10     | Found a faded altar of an unknown god.
 11479 | D:10     | Found a faded altar of an unknown god.
 11487 | D:10     | Found a glowing golden altar of the Shining One.
 11489 | D:10     | Found an iron altar of Okawaru.
 11491 | D:10     | Found a hide-covered altar of Uskayaw.
 11565 | D:10     | Found a staircase to the Orcish Mines.
 11565 | D:10     | Noticed Harold
 11583 | D:10     | Noticed Harold
 11583 | D:10     | Harold changed into Harold the guardian serpent
 11592 | D:10     | Killed Harold the guardian serpent
 11830 | Lair:1   | Entered Level 1 of the Lair of Beasts
 12282 | D:11     | Bought a spiked plate armour for 728 gold pieces
 12282 | D:11     | Identified the +8 plate armour "Esmued" {Str+3} (You bought
                  | it in a shop on level 11 of the Dungeon)
 12426 | Lair:1   | Reached skill level 6 in Invocations
 12625 | Lair:1   | Received a gift from Nemelex Xobeh
 12643 | Lair:1   | Reached skill level 5 in Dodging
 12648 | Lair:1   | Reached XP level 12. HP: 75/98 MP: 16/16
 12837 | Lair:1   | Identified the +8 falchion "Killer Klown's Doom" {flame,
                  | rElec}
 13072 | Lair:1   | Reached skill level 7 in Invocations
 13217 | Lair:2   | Noticed a six-headed hydra
 13224 | Lair:2   | Killed a six-headed hydra
 14418 | Lair:2   | Upgraded the game from 0.29-a0-730-g5686a2c4f1 to
                  | 0.29-a0-732-g3d7fbe0af2
 14507 | Lair:3   | Found a frozen archway.
 14516 | IceCv    | Entered an ice cave
 14942 | IceCv    | Reached skill level 8 in Invocations
 15162 | IceCv    | Reached XP level 13. HP: 79/108 MP: 19/19
 15559 | IceCv    | Noticed a reaper
 15562 | IceCv    | HP: 4/108 [reaper/+0 scythe of freezing (13)]
 15563 | IceCv    | HP: 1/108 [reaper/+0 scythe of freezing (1)]
 15665 | IceCv    | Killed a reaper
 16600 | Lair:3   | Found a hole to the Spider Nest.
 17281 | Lair:4   | Reached skill level 9 in Invocations
 17671 | Lair:4   | Received a gift from Nemelex Xobeh
 17808 | Lair:4   | Found a staircase to the Swamp.
 18395 | Lair:5   | Identified the +0 hand axe of the Crawling Thing {speed,
                  | rF++}
 18401 | Lair:5   | Reached skill level 10 in Fighting
 18847 | Lair:5   | Reached XP level 14. HP: 60/117 MP: 21/21
 19255 | Lair:5   | Identified the +1 leather armour of Yesterday {rPois Int+4
                  | Dex+8 Stlth-}
 19741 | Lair:5   | Received a gift from Nemelex Xobeh
 20279 | Lair:6   | Entered Level 6 of the Lair of Beasts
 20279 | Lair:6   | Found a staircase to the Slime Pits.
 20297 | Lair:6   | Reached skill level 10 in Invocations
 20367 | Lair:6   | Noticed Snorg
 20385 | Lair:6   | Killed Snorg
 20497 | Lair:6   | Received a gift from Nemelex Xobeh
 20694 | Lair:6   | Reached ***** piety under Nemelex Xobeh
 21210 | Lair:6   | Reached skill level 10 in Shields
 21771 | Lair:6   | Received a gift from Nemelex Xobeh
 22018 | Lair:6   | Reached XP level 15. HP: 97/127 MP: 23/23
 22177 | Lair:6   | Identified the +7 broad axe "Piobuh" {holy, MP+9}
 22940 | D:12     | Received a gift from Nemelex Xobeh
 23613 | D:12     | Reached skill level 11 in Invocations
 23885 | D:12     | Received a gift from Nemelex Xobeh
 24382 | D:8      | Killed lunkers's ghost
 24594 | Orc:1    | Entered Level 1 of the Orcish Mines
 24595 | Orc:1    | Upgraded the game from 0.29-a0-732-g3d7fbe0af2 to
                  | 0.29-a0-757-g358383bc75
 24646 | Orc:2    | Entered Level 2 of the Orcish Mines
 24646 | Orc:2    | Noticed Donald
 24680 | Orc:1    | Killed Donald
 25011 | Orc:2    | Noticed an orc warlord
 25023 | Orc:2    | Killed an orc warlord
 25024 | Orc:2    | Reached skill level 1 in Evocations
 25236 | Orc:2    | Upgraded the game from 0.29-a0-757-g358383bc75 to
                  | 0.29-a0-775-g4d7333d4e2
 25333 | Orc:2    | Received a gift from Nemelex Xobeh
 25372 | Orc:2    | Found a staircase to the Elven Halls.
 25417 | Orc:2    | Noticed Saint Roka
 25422 | Orc:2    | Noticed Saint Roka
 25422 | Orc:2    | Saint Roka changed into Saint Roka the iron dragon
 25426 | Orc:2    | Killed Saint Roka the iron dragon
 25716 | Orc:2    | Found Kaas's Magic Scroll Shoppe.
 25727 | Orc:2    | Bought a scroll of identify for 30 gold pieces
 25727 | Orc:2    | Bought a scroll of enchant armour for 112 gold pieces
 25915 | Orc:2    | Found Qallox's Assorted Antiques.
 25915 | Orc:2    | Found Zecifoaff's Assorted Antiques.
 25917 | Orc:2    | Found Ossur's Jewellery Boutique.
 25919 | Orc:2    | Found Ahanubb's Weapon Shoppe.
 25923 | Orc:2    | Bought a scroll of identify for 66 gold pieces
 25934 | Orc:2    | Bought a twitching brass ring for 165 gold pieces
 25934 | Orc:2    | Identified the ring of Fiazxad {Contam rElec Slay+4 SInv}
                  | (You bought it in a shop on level 2 of the Orcish Mines)
 26297 | D:13     | Found a gate leading to a gauntlet.
 26299 | D:13     | Received a gift from Nemelex Xobeh
 26302 | D:13     | Identified the +1 robe "Exuseb" {rElec Dex+2}
 26308 | Gauntlet | Entered a Gauntlet
 26308 | Gauntlet | Found a transporter.
 26308 | Gauntlet | Found a transporter.
 26314 | Gauntlet | Found a transporter.
 26327 | Gauntlet | Found a transporter.
 26344 | Gauntlet | Found a transporter.
 26344 | Gauntlet | Found a transporter.
 26344 | Gauntlet | Found a transporter.
 26346 | Gauntlet | Found a transporter.
 26346 | Gauntlet | Found a transporter.
 26359 | Gauntlet | Found a transporter.
 26375 | Gauntlet | Found a transporter.
 26385 | Gauntlet | Found a transporter.
 26399 | Gauntlet | Found a transporter.
 26433 | Gauntlet | Found a transporter.
 26611 | Gauntlet | Reached skill level 10 in Armour
 26740 | Gauntlet | Identified the amulet of Vabloiqy {Spirit rC- Will+ Str+9
                  | Stlth-}
 26755 | Gauntlet | Paralysed by you for 5 turns
 26860 | Gauntlet | Identified the amulet "Josafad" {Rampage *Slow rElec rC+
                  | Regen+}
 27079 | D:13     | Received a gift from Nemelex Xobeh
 27518 | D:14     | Reached ****** piety under Nemelex Xobeh
 27541 | D:14     | Received a gift from Nemelex Xobeh
 27547 | D:14     | Found a sacrificial altar of Ru.
 28210 | D:14     | Found a gate to the Vaults.
 28487 | D:15     | Entered Level 15 of the Dungeon
 28575 | D:15     | Received a gift from Nemelex Xobeh
 28654 | D:15     | Reached XP level 16. HP: 48/135 MP: 24/24
 28966 | D:15     | Found a staircase to the Depths.
 29110 | D:15     | Found Lutesidgh's Armour Shoppe.
 29214 | D:15     | Reached skill level 12 in Invocations
 29657 | D:15     | Received a gift from Nemelex Xobeh
 29928 | Swamp:1  | Entered Level 1 of the Swamp
 30992 | D:15     | Bought a +1 barding of cold resistance for 700 gold pieces
 31485 | Swamp:1  | Received a gift from Nemelex Xobeh
 31560 | Swamp:2  | Upgraded the game from 0.29-a0-775-g4d7333d4e2 to
                  | 0.29-a0-819-g94b489e0ae
 32081 | Swamp:2  | Received a gift from Nemelex Xobeh
 32357 | Swamp:3  | Upgraded the game from 0.29-a0-819-g94b489e0ae to
                  | 0.29-a0-821-g66395355a5
 32628 | Swamp:3  | Reached skill level 15 in Long Blades
 32808 | Swamp:3  | Gained mutation: You have an increased reservoir of magic.
                  | (+10% MP) [potion of mutation]
 32808 | Swamp:3  | Gained mutation: You are partially covered in iridescent
                  | scales. (AC +2) [potion of mutation]
 32808 | Swamp:3  | Gained mutation: You expend magic power (3 MP) to
                  | strengthen your wands. [potion of mutation]
 33459 | Swamp:3  | Received a gift from Nemelex Xobeh
 34459 | Swamp:4  | Entered Level 4 of the Swamp
 34460 | Swamp:4  | Upgraded the game from 0.29-a0-821-g66395355a5 to
                  | 0.29-a0-823-gc37b1572da
 34498 | Swamp:4  | Reached skill level 5 in Evocations
 34540 | Swamp:4  | Received a gift from Nemelex Xobeh
 34658 | Swamp:4  | Noticed a thorn hunter
 34668 | Swamp:4  | Reached skill level 10 in Dodging
 34671 | Swamp:4  | HP: 1/138 [thorn hunter (17)]
 35198 | Swamp:4  | a thorn hunter changed into a shambling mangrove
 35555 | Swamp:4  | Reached XP level 17. HP: 113/144 MP: 29/29
 35819 | Swamp:4  | Received a gift from Nemelex Xobeh
 36429 | Swamp:4  | Got a decaying rune of Zot
 36605 | Spider:1 | Entered Level 1 of the Spider Nest
 36608 | Spider:1 | Upgraded the game from 0.29-a0-823-gc37b1572da to
                  | 0.29-a0-830-gcb1280458a
 36772 | Spider:1 | Noticed Josephine
 36774 | Spider:1 | Killed Josephine
 36877 | Spider:1 | Received a gift from Nemelex Xobeh
 37056 | Spider:1 | Reached skill level 13 in Invocations
 37093 | Spider:1 | Noticed Asterion
 37096 | Spider:1 | Killed Asterion
 37142 | Spider:1 | Reached XP level 18. HP: 153/153 MP: 30/30
 37239 | Spider:1 | Received a gift from Nemelex Xobeh
 37454 | Spider:1 | Noticed Rupert
 37455 | Spider:1 | Killed Rupert
 38012 | Spider:2 | Received a gift from Nemelex Xobeh
 38031 | Spider:2 | Noticed Kirke
 38039 | Spider:2 | Killed Kirke
 38855 | Spider:2 | Received a gift from Nemelex Xobeh
 39107 | Spider:3 | Upgraded the game from 0.29-a0-830-gcb1280458a to
                  | 0.29-a0-834-g1e95ca9f62
 39781 | Spider:3 | Received a gift from Nemelex Xobeh
 40060 | Spider:3 | Received a gift from Nemelex Xobeh
 40308 | Spider:4 | Entered Level 4 of the Spider Nest
 40727 | Spider:4 | Reached XP level 19. HP: 114/161 MP: 32/32
 40737 | Spider:4 | Reached skill level 14 in Invocations
 40918 | Spider:4 | Noticed Nikola
 40920 | Spider:4 | Identified the -1 trident of Terror {drain, Dex+2}
 40935 | Spider:4 | Killed Nikola
 41982 | Spider:4 | Got a gossamer rune of Zot
 42104 | Spider:4 | Received a gift from Nemelex Xobeh
 42519 | Vaults:1 | Entered Level 1 of the Vaults
 42521 | Vaults:1 | Upgraded the game from 0.29-a0-834-g1e95ca9f62 to
                  | 0.29-a0-838-g385bb11a5b
 42961 | Vaults:1 | Received a gift from Nemelex Xobeh
 43011 | Vaults:1 | Identified the +9 falchion "Amebet" {speed, rN+++ Dex+3}
 43142 | Vaults:1 | Received a gift from Nemelex Xobeh
 43542 | Vaults:1 | Received a gift from Nemelex Xobeh
 45007 | Vaults:2 | Identified the +3 pair of boots of Okkacwaa {Contam Int+2
                  | Dex+2}
 45017 | Vaults:2 | Received a gift from Nemelex Xobeh
 45039 | Vaults:2 | Reached skill level 1 in Throwing
 46011 | Vaults:2 | Received a gift from Nemelex Xobeh
 46326 | Vaults:2 | Reached XP level 20. HP: 133/171 MP: 34/34
 46466 | Vaults:2 | Reached skill level 15 in Invocations
 46655 | Vaults:2 | Upgraded the game from 0.29-a0-838-g385bb11a5b to
                  | 0.29-a0-841-g116ddc6ace
 46691 | Vaults:3 | Found Cethraiwe's Antique Armour Shoppe.
 46919 | Vaults:3 | Received a gift from Nemelex Xobeh
 47320 | Vaults:3 | Found a staircase to the Crypt.
 47778 | Vaults:3 | Received a gift from Nemelex Xobeh
 47790 | Vaults:3 | Found Xanaxeo's General Store.
 47795 | Vaults:3 | Bought a potion of curing for 60 gold pieces
 47795 | Vaults:3 | Bought a potion of heal wounds for 100 gold pieces
 47812 | Vaults:3 | Noticed Aizul
 47817 | Vaults:3 | Killed Aizul
 47852 | Vaults:3 | Noticed Zenata
 47856 | Vaults:3 | Killed Zenata
 48075 | Vaults:3 | Reached skill level 5 in Throwing
 48306 | Vaults:3 | Received a gift from Nemelex Xobeh
 48371 | Vaults:3 | Reached skill level 15 in Fighting
 48848 | Vaults:3 | Received a gift from Nemelex Xobeh
 48872 | Vaults:3 | Found Jummatt's General Store.
 49097 | Vaults:3 | Bought a potion of curing for 66 gold pieces
 49280 | Vaults:3 | Received a gift from Nemelex Xobeh
 49698 | Vaults:4 | Lost mutation: You are partially covered in iridescent
                  | scales. (AC +2) [potion of mutation]
 49698 | Vaults:4 | Lost mutation: You have an increased reservoir of magic.
                  | (+10% MP) [potion of mutation]
 49698 | Vaults:4 | Lost mutation: You expend magic power (3 MP) to strengthen
                  | your wands. [potion of mutation]
 49698 | Vaults:4 | Gained mutation: You are weak. (Str -2) [potion of
                  | mutation]
 49698 | Vaults:4 | Gained mutation: Your flesh is cold resistant. (rC+)
                  | [potion of mutation]
 49698 | Vaults:4 | Gained mutation: Your system is resistant to poisons.
                  | (rPois) [potion of mutation]
 49699 | Vaults:4 | Lost mutation: Your system is resistant to poisons. (rPois)
                  | [potion of mutation]
 49699 | Vaults:4 | Lost mutation: Your flesh is cold resistant. (rC+) [potion
                  | of mutation]
 49699 | Vaults:4 | Gained mutation: You are clumsy. (Dex -2) [potion of
                  | mutation]
 49699 | Vaults:4 | Gained mutation: You have large cloven feet. [potion of
                  | mutation]
 49700 | Vaults:4 | Lost mutation: You are weak. (Str -2) [potion of mutation]
 49700 | Vaults:4 | Lost mutation: You are clumsy. (Dex -2) [potion of
                  | mutation]
 49700 | Vaults:4 | Gained mutation: You possess an exceptional clarity of
                  | mind. [potion of mutation]
 50364 | Vaults:4 | Reached XP level 21. HP: 154/179 MP: 32/32
 50487 | Vaults:4 | Received a gift from Nemelex Xobeh
 50626 | Vaults:4 | Identified the +1 chain mail of Card Tricks {rN+++ Will-
                  | Slay+3}
 50724 | Vaults:4 | Received a gift from Nemelex Xobeh
 50785 | Abyss:2  | Cast into level 2 of the Abyss (a wizard)
 50898 | Abyss:2  | Reached skill level 10 in Evocations
 50994 | Abyss:2  | Received a gift from Nemelex Xobeh
 51034 | Abyss:3  | Received a gift from Nemelex Xobeh
 51058 | Abyss:3  | Reached skill level 16 in Invocations
 51178 | Abyss:3  | Found a candlelit altar of Ignis.
 51396 | Vaults:4 | Escaped the Abyss
 52153 | Elf:1    | Entered Level 1 of the Elven Halls
 52293 | Elf:1    | Noticed Agnes
 52297 | Elf:1    | Killed Agnes
 52497 | Elf:1    | Received a gift from Nemelex Xobeh
 52874 | Elf:1    | Identified Roxanne's Compendium of Shapeshifting
 52874 | Elf:1    | Noticed Roxanne
 52880 | Elf:1    | Killed Roxanne
 52987 | Elf:1    | Found a runed translucent gate.
 52987 | Elf:1    | Found a runed translucent gate.
 52988 | Elf:1    | Found a runed translucent gate.
 52992 | Elf:1    | Noticed Jyejeiptew's ghost (adept HOMo)
 53183 | Elf:1    | Found an iron altar of Okawaru.
 53185 | Elf:1    | Upgraded the game from 0.29-a0-841-g116ddc6ace to
                  | 0.29-a0-845-g6161e89988
 53230 | Elf:1    | Killed Jyejeiptew's ghost
 53258 | Elf:1    | Identified the +0 pair of boots of the Morning Star {Harm
                  | Stlth+}
 53598 | Elf:2    | Found a runed translucent gate.
 53601 | Elf:2    | Found a runed translucent gate.
 53601 | Elf:2    | Found a runed translucent gate.
 53651 | Elf:2    | Found Wefer's Antique Armour Shoppe.
 54093 | Elf:2    | Received a gift from Nemelex Xobeh
 54636 | Elf:3    | Entered Level 3 of the Elven Halls
 55287 | Elf:3    | Found an ancient bone altar of Kikubaaqudgha.
 55361 | Elf:3    | Found Kolej's Jewellery Boutique.
 55369 | Elf:3    | Bought the ring "Aminit" {+Blink Int+6 Slay+4} for 1135
                  | gold pieces
 55514 | Elf:3    | Reached XP level 22. HP: 190/190 MP: 34/34
 55666 | Elf:3    | Reached skill level 15 in Shields
 56074 | Elf:3    | Identified the ring of the City {rC++ Will+ Str+3}
 56094 | Elf:3    | Identified the ring "Anyd" {rC+ rN+ Int+2}
 56106 | Abyss:3  | Cast into level 3 of the Abyss (a deep elf sorcerer)
 56287 | Abyss:3  | Received a gift from Nemelex Xobeh
 56348 | Elf:3    | Escaped the Abyss
 56360 | Elf:3    | Identified the +2 robe "Irrudes" {rCorr}
 56361 | Elf:3    | Identified the +2 mace "Xapo Eth" {pain, Dex+2}
 56803 | Elf:3    | Reached skill level 17 in Invocations
 57304 | Elf:3    | Got the Omnibus of Venin
 57307 | Elf:3    | Identified the +2 plate armour of Intuition {rPois rF++ rC-
                  | rCorr}
 57346 | Elf:3    | Identified the +0 chain mail of Terror {Fly rF- Str+3
                  | Slay+5}
 57837 | Depths:1 | Entered Level 1 of the Depths
 57837 | Depths:1 | Found a flickering gateway to a bazaar.
 57855 | Depths:1 | Found a one-way gate to the infinite horrors of the Abyss.
 57875 | Bazaar   | Entered a bazaar
 57902 | Bazaar   | Found Komac's Distillery.
 57907 | Bazaar   | Bought a potion of resistance for 80 gold pieces
 57907 | Bazaar   | Bought a potion of might for 32 gold pieces
 57907 | Bazaar   | Bought a potion of resistance for 80 gold pieces
 57907 | Bazaar   | Bought a potion of mutation for 64 gold pieces
 57907 | Bazaar   | Bought a potion of resistance for 80 gold pieces
 57907 | Bazaar   | Bought a potion of curing for 24 gold pieces
 57935 | Bazaar   | Found Uder's Distillery.
 57939 | Bazaar   | Bought 2 potions of curing for 84 gold pieces
 57939 | Bazaar   | Bought a potion of heal wounds for 70 gold pieces
 57939 | Bazaar   | Bought a potion of mutation for 112 gold pieces
 57939 | Bazaar   | Bought a potion of haste for 140 gold pieces
 57957 | Bazaar   | Found Ziojin's Magic Scroll Emporium.
 57983 | Bazaar   | Found Hiqatic's Magic Scroll Emporium.
 57993 | Bazaar   | Bought a scroll of blinking for 90 gold pieces
 57993 | Bazaar   | Bought a scroll of blinking for 90 gold pieces
 57993 | Bazaar   | Bought a scroll of magic mapping for 90 gold pieces
 58013 | Bazaar   | Bought a scroll of enchant armour for 105 gold pieces
 58199 | Depths:1 | Received a gift from Nemelex Xobeh
 58228 | Depths:1 | Identified the +8 spear "Facett" {freeze, *Rage rN+ MP+9
                  | Stlth+}
 58702 | Depths:1 | Found a one-way gateway to a ziggurat.
 58767 | Depths:1 | Found a gateway to Hell.
 58789 | Depths:1 | Received a gift from Nemelex Xobeh
 58827 | Depths:1 | Identified the +6 halberd of the Equator {pain, Will++
                  | Dex+3}
 58871 | Depths:1 | Found a basalt altar of Yredelemnul.
 59295 | Depths:2 | Identified the +0 ring mail of Resonance {rN+ Stlth+}
 59433 | Depths:2 | Noticed a caustic shrike
 59718 | Depths:2 | Received a gift from Nemelex Xobeh
 59845 | Depths:2 | Reached skill level 10 in Throwing
 60068 | Depths:2 | Killed a caustic shrike
 60494 | Depths:2 | Received a gift from Nemelex Xobeh
 60587 | Depths:2 | Found a one-way gate leading to the halls of Pandemonium.
 60742 | Depths:2 | Found a snail-covered altar of Cheibriados.
 60913 | Depths:3 | Found a flickering gateway to a bazaar.
 60938 | Bazaar   | Entered a bazaar
 60938 | Bazaar   | Found Cegurarph's Distillery.
 60938 | Bazaar   | Found Maixkimo's Antique Weapon Shop.
 60938 | Bazaar   | Found Gadejem's Antique Weapon Boutique.
 60938 | Bazaar   | Found Hutopew's Magic Scroll Boutique.
 60938 | Bazaar   | Found Dif Atwo's Assorted Antiques.
 60938 | Bazaar   | Found Kaoss's Armour Boutique.
 60962 | Bazaar   | Bought a scroll of silence for 133 gold pieces
 60962 | Bazaar   | Bought a scroll of summoning for 133 gold pieces
 60975 | Bazaar   | Bought a potion of mutation for 104 gold pieces
 61019 | Depths:3 | Found an ancient bone altar of Kikubaaqudgha.
 61348 | Depths:3 | Identified the +0 ring mail of Happy Babbling {Rampage rC+
                  | Stlth+}
 61373 | Depths:3 | Reached XP level 23. HP: 138/199 MP: 35/35
 61395 | Depths:3 | Noticed a juggernaut
 61399 | Depths:3 | a juggernaut changed into an acid blob
 61715 | Depths:3 | Received a gift from Nemelex Xobeh
 62359 | Depths:4 | Entered Level 4 of the Depths
 62486 | Depths:4 | Upgraded the game from 0.29-a0-845-g6161e89988 to
                  | 0.29-a0-857-g9b1aa3ac5b
 62486 | Depths:4 | Upgraded the game from 0.29-a0-857-g9b1aa3ac5b to
                  | 0.29-a0-870-g2c972031a6
 62742 | Vaults:5 | Entered Level 5 of the Vaults
 62798 | Vaults:5 | Reached skill level 18 in Invocations
 62824 | Vaults:5 | Noticed a dread lich
 62829 | Vaults:5 | Killed a dread lich
 62943 | Vaults:5 | Reached skill level 15 in Armour
 63780 | Vaults:5 | Got a silver rune of Zot
 63912 | Vaults:5 | Received a gift from Nemelex Xobeh
 63928 | Vaults:5 | Found Byakhizi's Magic Scroll Shoppe.
 63932 | Vaults:5 | Bought a scroll of magic mapping for 142 gold pieces
 63932 | Vaults:5 | Bought a scroll of teleportation for 57 gold pieces
 64109 | Vaults:5 | Reached XP level 24. HP: 209/209 MP: 36/36
 64214 | Vaults:5 | Got the Grimoire of Hurtful Shadows
 64296 | Vaults:5 | Identified the +7 whip of Qazlal's Inspiration {freeze, rF-
                  | rC++ rN++}
 64383 | Vaults:5 | Identified the amulet "Caeruke" {Faith rElec rC+ Regen+}
 64492 | Vaults:5 | Identified the +0 rapier of Exceptional Innocence {spect,
                  | rN+ Str-4 Int+4}
 64953 | Slime:1  | Entered Level 1 of the Pits of Slime
 65214 | Slime:1  | Upgraded the game from 0.29-a0-870-g2c972031a6 to
                  | 0.29-a0-872-g797fff5ad1
 65295 | Slime:2  | Received a gift from Nemelex Xobeh
 65785 | Slime:2  | Gained mutation: Your spells are a little easier to cast,
                  | but a little less powerful. [a shining eye]
 65787 | Slime:2  | Gained mutation: You passively dampen the noise of your
                  | surroundings. [a shining eye]
 65788 | Slime:2  | Lost mutation: Your spells are a little easier to cast, but
                  | a little less powerful. [a shining eye]
 66180 | Slime:3  | Received a gift from Nemelex Xobeh
 66580 | Slime:4  | Received a gift from Nemelex Xobeh
 66778 | Slime:5  | Entered Level 5 of the Pits of Slime
 66960 | Slime:5  | Received a gift from Nemelex Xobeh
 67065 | Slime:5  | Reached skill level 19 in Invocations
 67226 | Slime:5  | Noticed the Royal Jelly
 67251 | Slime:5  | Noticed a shard shrike
 67251 | Slime:5  | a rockslime changed into a shard shrike
 67252 | Slime:5  | Killed a shard shrike
 67256 | Slime:5  | Killed the Royal Jelly
 67564 | Slime:5  | Identified the ring "Onokk" {Fly rF+ Str+3}
 67574 | Slime:5  | Identified the +3 leather armour "Orustroro" {Str+3 Int-4
                  | Dex+3 Stlth+}
 67580 | Slime:5  | Identified the +7 quarterstaff "Yvock" {protect, Will++}
 67586 | Slime:5  | Got the Disquisition on Glamour and the Dead
 67589 | Slime:5  | Identified the +2 war axe "Plog" {holy, Stlth+}
 67591 | Slime:5  | Got a slimy rune of Zot
 67597 | Slime:5  | Identified the +9 flail of Luschusoakh {venom, Fragile
                  | rElec Dex+3}
 67616 | Slime:5  | Identified the +9 flail "Lidur" {freeze, rF++ Will- Int+4}
 68707 | Depths:4 | Received a gift from Nemelex Xobeh
 68742 | Depths:4 | Found Xyiwaq's Jewellery Shoppe.
 68743 | Depths:4 | Found Tuckath's Book Shop.
 68744 | Depths:4 | Found Tiderph's Jewellery Shoppe.
 69229 | Depths:4 | Received a gift from Nemelex Xobeh
 69255 | Depths:4 | Identified the ring "Woxumaq" {rPois rF++ rCorr AC+4 Int-4}
 69457 | Depths:4 | Reached XP level 25. HP: 107/219 MP: 36/36
 69630 | Depths:4 | Found a gate to the Realm of Zot.
 69736 | Depths:4 | Identified the +2 cloak "Apru" {Int+2}
 69945 | Depths:4 | Identified the +10 spear "Nazax" {flame, rF++ Int+7}
 70186 | Depths:4 | Received a gift from Nemelex Xobeh
 70301 | Depths:4 | Paralysed by a floating eye for 3 turns
 70572 | Zot:1    | Entered Level 1 of the Realm of Zot
 70732 | Zot:1    | Received a gift from Nemelex Xobeh
 70759 | Zot:1    | Noticed Parghit
 70795 | Zot:1    | Killed Parghit
 71047 | Zot:1    | Noticed an orb of fire
 71047 | Zot:1    | Gained mutation: You occasionally lose the ability to read
                  | scrolls when taking damage. [an orb of fire]
 71048 | Zot:1    | Gained mutation: You are weak. (Str -2) [an orb of fire]
 71059 | Zot:1    | Gained mutation: You sometimes lose the ability to read
                  | scrolls when taking damage. [an orb of fire]
 71061 | Zot:1    | Killed an orb of fire
 71062 | Zot:1    | Lost mutation: You are weak. (Str -2) [potion of mutation]
 71062 | Zot:1    | Lost mutation: You passively dampen the noise of your
                  | surroundings. [potion of mutation]
 71062 | Zot:1    | Lost mutation: You possess an exceptional clarity of mind.
                  | [potion of mutation]
 71062 | Zot:1    | Lost mutation: You sometimes lose the ability to read
                  | scrolls when taking damage. [potion of mutation]
 71062 | Zot:1    | Lost mutation: You have large cloven feet. [potion of
                  | mutation]
 71062 | Zot:1    | Gained mutation: You are weak. (Str -2) [potion of
                  | mutation]
 71062 | Zot:1    | Gained mutation: You can roll at foes to attack. [potion of
                  | mutation]
 71063 | Zot:1    | Lost mutation: You can roll at foes to attack. [potion of
                  | mutation]
 71063 | Zot:1    | Lost mutation: You occasionally lose the ability to read
                  | scrolls when taking damage. [potion of mutation]
 71063 | Zot:1    | Gained mutation: Your body sometimes deteriorates upon
                  | taking damage. [potion of mutation]
 71063 | Zot:1    | Gained mutation: You have a pair of small horns on your
                  | head. [potion of mutation]
 71063 | Zot:1    | Gained mutation: You are partially covered in iridescent
                  | scales. (AC +2) [potion of mutation]
 71064 | Zot:1    | Lost mutation: You are weak. (Str -2) [potion of mutation]
 71064 | Zot:1    | Lost mutation: Your body sometimes deteriorates upon taking
                  | damage. [potion of mutation]
 71064 | Zot:1    | Lost mutation: You have a pair of small horns on your head.
                  | [potion of mutation]
 71064 | Zot:1    | Gained mutation: You are clumsy. (Dex -2) [potion of
                  | mutation]
 71064 | Zot:1    | Gained mutation: You are occasionally teleported next to
                  | monsters. [potion of mutation]
 71065 | Zot:1    | Lost mutation: You are occasionally teleported next to
                  | monsters. [potion of mutation]
 71065 | Zot:1    | Lost mutation: You are clumsy. (Dex -2) [potion of
                  | mutation]
 71065 | Zot:1    | Lost mutation: You are partially covered in iridescent
                  | scales. (AC +2) [potion of mutation]
 71065 | Zot:1    | Gained mutation: You can roll at foes to attack. [potion of
                  | mutation]
 71065 | Zot:1    | Gained mutation: Your mind is acute. (Int +4, Str/Dex -1)
                  | [potion of mutation]
 71065 | Zot:1    | Gained mutation: Your spells are a little easier to cast,
                  | but a little less powerful. [potion of mutation]
 71644 | D:3      | Bought 2 potions of mutation for 160 gold pieces
 71644 | D:3      | Bought 2 potions of curing for 60 gold pieces
 72763 | Zot:1    | Received a gift from Nemelex Xobeh
 73323 | Zot:2    | Reached skill level 20 in Invocations
 73918 | Zot:2    | Received a gift from Nemelex Xobeh
 74247 | Zot:2    | Paralysed by a floating eye for 2 turns
 74905 | Zot:3    | Killed from afar by a black draconian knight

Illustrated notes

Levels and vault maps discovered:
D:1:      dpeg_arrival_ratfight, layout_basic,
          nicolae_concentric_dashed_squares_wild, kennysheep_crisscross,
          minmay_misc_feat_rows
D:2:      layout_loops_corners, basic_altar
D:3:      layout_loops_cross, serial_shops, shop_statue,
          chequers_ecumenical_altar_simple
D:4:      old_forge, layout_cave_pools, mainiacjoe_overflow_tiny_flanked,
          temple_doors_cd, uniq_eustachio
D:5:      layout_cave_pools
D:6:      layout_basic, mainiacjoe_overflow_big_doors,
          minmay_hollow_rounded_squares
D:7:      layout_loops_cross
D:8:      layout_basic, elyvilon_altar_3, gammafunk_ghost_wrathful_warriors
D:9:      layout_cave_pods, special_room [special_room_orc], minmay_ruffians
D:10:     layout_rooms, kennysheep_little_box,
          chequers_temple_overflow_minitemple, dpeg_oklobed_lair, david_orc_2,
          nicolae_trove_entry_isolated, serial_shops,
          nicolae_shop_hallway_stairs, kennysheep_just_a_vault, uniq_harold
D:11:     layout_basic, serial_shops, nicolae_shop_hallway_stairs, shop,
          nicolae_shop_bloodbath_and_beyond, nicolae_lakefront_shop
D:12:     layout_layer_cave
D:13:     layout_rooms, gauntlet_entry_generic
D:14:     layout_loops_ring, grunt_vaults_entry_fortified,
          nicolae_ru_sacrificial_ziggurat, minmay_misc_feat_tower,
          due_unseen_surprise
D:15:     hangedman_depths_entry_civil_slaughter, layout_gridville,
          grunt_decor_resistance, serial_shops, nicolae_diamond_shop
Temple:   dpeg_chambers_temple
Lair:1:   layout_regular_city, nicolae_lair_grazing_beasts
          [nicolae_sub_lair_graze_edge, nicolae_sub_lair_graze_edge,
          nicolae_sub_lair_graze_edge, nicolae_sub_lair_graze_edge]
Lair:2:   layout_roguey, lemuel_fruit_tree
Lair:3:   layout_cave_shapes, nicolae_spider_entry_orb_guardian,
          portal_ice_cave_entry_pillars_1, nicolae_volcano_entry_s_turn
Lair:4:   layout_cave_pods, swamp_mist
Lair:5:   nzn_winding_woodlands_huge [nzn_winding_woodlands_5x15_parted,
          nzn_winding_woodlands_5x15_pathside_ponds,
          nzn_winding_woodlands_5x15_default, nzn_winding_woodlands_5x15_jagged,
          nzn_winding_woodlands_5x15_concentric,
          nzn_winding_woodlands_5x15_lazy_stream,
          nzn_winding_woodlands_5x15_river_crossing,
          nzn_winding_woodlands_5x15_twine, nzn_winding_woodlands_5x15_pool,
          nzn_winding_woodlands_5x15_pockets,
          nzn_winding_woodlands_center_lodge,
          nzn_winding_woodlands_center_garden,
          nzn_winding_woodlands_15x15_killbox], layout_gridlike,
          chequers_serial_rivers_small_3
Lair:6:   evilmike_catoblepas_cave, layout_layer_cave,
          minmay_slime_entry_pillars, uniq_snorg
Swamp:1:  layout_basic_swamp, serial_swamp_ruin, evilmike_swamp_ruin_house_1,
          evilmike_swamp_ruin_house_3, evilmike_swamp_ruin_house_5
Swamp:2:  layout_basic_swamp, hangedman_swamp_ruin_wall
Swamp:3:  nicolae_swamp_standing_stones, layout_basic_swamp,
          nicolae_swamp_stair_fork, swamp_pool1, nicolae_swamp_fairy_circle,
          nicolae_swamp_round_clearing, water_boxes_lemuel
Swamp:4:  swamp_icy, layout_basic_swamp
Spider:1: layout_chambers, nicolae_spider_twisty_arc_passages, uniq_josephine,
          uniq_asterion, uniq_rupert
Spider:2: layout_spider_delve, uniq_kirke
Spider:3: spiders_nest_scorpion_pit, special_room [special_room_bee],
          nicolae_spider_bug_shape
Spider:4: hellmonk_spider_rune_bug_friends, uniq_nikola
Slime:1:  layout_caves
Slime:2:  cheibrodos_slime_lost_civilization_2, layout_caves
Slime:3:  layout_caves
Slime:4:  layout_caves
Slime:5
Orc:1:    layout_caves, basic_altar, uniq_urug, uniq_jorgrun, uniq_gastronok
Orc:2:    st_orc_rangers, layout_caves, serial_shops, nicolae_shop_waterfront,
          uniq_saint_roka, uniq_donald
Elf:1:    minmay_elf_arrival_summoners, layout_geoelf_grid,
          gammafunk_ghost_fury_of_okawaru, minmay_elf_crystal_heptagon,
          uniq_agnes, uniq_roxanne
Elf:2:    elven_hall_of_blades_hangedman_original [nicolae_blade_tridents],
          layout_gridlike, serial_shops, shop
Elf:3:    minmay_elf_hall_not_hex, layout_gridlike, serial_shops,
          nicolae_shop_temple_entry_statues_fountains, basic_altar,
          roderic_lattice_octagonal_star
Vaults:1: ontoclasm_vaults_shuriken, ontoclasm_vaults_ligature,
          hangedman_vaults_hard_town_square, vaults_room_hallway,
          layout_vaults_omnigrid
Vaults:2: grunt_vaults_swirl, hangedman_vaults_cutoff, v_rooms_5, v_misc_27,
          hangedman_vaults_slice, ontoclasm_vaults_fault,
          ontoclasm_vaults_ring_large, v_rooms_6, ontoclasm_vaults_pinch,
          dpeg_vaults_pockets_of_resistance, v_misc_16, v_misc_16,
          layout_vaults_omnibox
Vaults:3: hangedman_vaults_cutoff, v_misc_5, vaults_dpeg_encased_lava,
          vaults_standard_mumra_x, minmay_crypt_entry_simple_statues,
          grunt_vaults_twisty, hangedman_vaults_capsules, grunt_vaults_focal,
          nicolae_vaults_network_square, nicolae_vaults_theta,
          layout_vaults_ring, serial_shops, shop, nicolae_lakefront_shop, shop,
          uniq_zenata, uniq_aizul
Vaults:4: nicolae_vaults_minivaults, nicolae_vaults_big_ls,
          ontoclasm_vaults_chip, ontoclasm_vaults_ring_square,
          hangedman_vaults_trim, layout_vaults_big_room
Vaults:5: serial_shops
Depths:1: layout_cave_shapes, enter_ziggurat_c, pf_coc_iceberg,
          nrook_pool_corridor, abyss_entry_crystal, serial_shops,
          bzr_in_the_mist, yredelemnul_forgotten_temple_becter
Depths:2: minmay_curly_fans, layout_cave_shapes, grunt_pan_entry_sceptre,
          hell_entry, chei_slow_surprise, serial_bayou_shore_a,
          minmay_staircase_windowed_large
Depths:3: evilmike_horseshoe, layout_cave_pools, hell_entry, abyss_entry,
          kiku_gazebo_pond_becter, pan_entry, serial_shops, bzr_entry_customers
Depths:4: lemuel_castle_with_subvaults [lemuel_castle_interior_carwin_2],
          layout_gridlike, hell_entry, minmay_crystal_room, minmay_shop_grove,
          serial_bayou_shore_b, serial_bayou_shore_b
Zot:1:    lemuel_halls_of_wrath, layout_basic, grunt_megastairs_4, uniq_parghit
Zot:2:    layout_onion_interference
Zot:3:    layout_onion, grunt_ministairs_5, zot_minivault_3

Skill      XL: |  1  2  3  4  5  6  7  8  9 10 11 12 13 14 15 16 17 18 19 20 21 22 23 24 25 |
---------------+----------------------------------------------------------------------------+-----
Shields        | 3 4 5 6 7 8 9 10 11 12 13 14 15 16 17 | 17.8
Armour         | 3 4 5 6 7 8 9 10 11 12 13 14 15 16 | 16.6
Fighting       | 4 5 6 8 9 10 11 12 13 14 15 16 17 18 19 | 19.2
Maces & Flails | 3 |  3.8
Long Blades    | 1 4 8 10 11 12 13 14 15 16 | 16.0
Invocations    | 2 4 6 8 9 10 11 12 13 14 15 16 17 18 19 20 | 20.3
Dodging        | 2 3 5 6 7 8 9 10 11 12 13 | 13.5
Evocations     | 3 5 7 8 9 10 12 13 14 | 14.9
Throwing       | 3 6 8 10 11 12 | 12.7

Action                   |  1- 3 |  4- 6 |  7- 9 | 10-12 | 13-15 | 16-18 | 19-21 | 22-24 | 25-27 || total
-------------------------+-------+-------+-------+-------+-------+-------+-------+-------+-------++-------
Melee: Flail             |   138 |    69 |       |       |       |       |       |       |       ||   207
       Tailslap          |     7 |     4 |    19 |    37 |   116 |   116 |   227 |   260 |   145 ||   931
       Double sword      |       |     5 |   149 |   300 |   681 |   697 |  1120 |  1112 |   516 ||  4580
       Kick              |       |       |       |       |       |       |   197 |   556 |    86 ||   839
Throw: Boomerang         |       |       |       |       |       |       |     2 |   214 |     9 ||   225
       Javelin           |       |       |       |       |       |       |       |     4 |       ||     4
Invok: Draw Destruction  |       |       |       |    14 |    39 |    27 |    11 |     4 |     1 ||    96
       Draw Summoning    |       |       |       |     2 |    11 |     6 |     2 |       |       ||    21
       Draw Escape       |       |       |       |       |     5 |     3 |     1 |       |       ||     9
       Deal Four         |       |       |       |       |       |     3 |    11 |    12 |     5 ||    31
       Stack Five        |       |       |       |       |       |     1 |     1 |     1 |       ||     3
       Triple Draw       |       |       |       |       |       |     1 |       |       |       ||     1
       Draw Stack        |       |       |       |       |       |       |     5 |     5 |       ||    10
 Abil: Rolling Charge    |     3 |     1 |     4 |     3 |     2 |    48 |    41 |    26 |    41 ||   169
Evoke: Wand              |       |       |       |       |     1 |       |       |       |     9 ||    10
  Use: Scroll            |       |     7 |     2 |     4 |    18 |    10 |     1 |     5 |     3 ||    50
       Potion            |       |     1 |       |       |     1 |     2 |     6 |       |     6 ||    16
 Stab: Petrified         |       |       |       |       |     4 |       |       |       |       ||     4
       Held in net/web   |       |       |       |       |       |       |     1 |       |       ||     1
       Distracted        |       |       |       |       |       |       |       |     1 |       ||     1
Armor: Scale mail        |    88 |    12 |       |       |       |       |       |       |       ||   100
       Chain mail        |       |    43 |    61 |       |       |       |       |       |       ||   104
       Acid dragon scale |       |       |     8 |    56 |       |       |       |       |       ||    64
       Plate armour      |       |       |       |    81 |   498 |   400 |   535 |   484 |    78 ||  2076
       Gold dragon scale |       |       |       |       |       |       |       |       |   241 ||   241
Dodge: Dodged            |    72 |    20 |    55 |    84 |   187 |   138 |   225 |   218 |    95 ||  1094
Block: Buckler           |    30 |    16 |    37 |    74 |   142 |       |       |       |       ||   299
       Kite shield       |       |       |       |       |   225 |   589 |   859 |   776 |   400 ||  2849
       Reflection        |       |       |       |       |    49 |     8 |    61 |    41 |     5 ||   164

Table legend: (Time is in decaauts)
 A = Elapsed time spent in this place.
 B = Non-inter-level travel time spent in this place.
 C = Inter-level travel time spent in this place.
 D = Time resting spent in this place.
 E = Time spent auto-exploring this place.
 F = Levels seen in this place.
 G = Mean time per level.
                   A        B        C        D        E       F      G
               +--------+--------+--------+--------+--------+-----+--------+
         Total |  74524 |  66500 |   8024 |   8771 |  45880 |  60 | 1242.1 |
       Dungeon |  19133 |  15378 |   3755 |   1289 |  11833 |  15 | 1275.5 |
        Temple |    225 |    202 |     23 |      0 |    184 |   1 |  225.0 |
          Lair |  10291 |   8784 |   1507 |    465 |   7096 |   6 | 1715.2 |
         Swamp |   5959 |   5559 |    400 |    753 |   3856 |   4 | 1489.8 |
   Spider Nest |   5321 |   4980 |    341 |   1073 |   3092 |   4 | 1330.2 |
    Slime Pits |   3030 |   2768 |    262 |    165 |   1873 |   5 |  606.0 |
  Orcish Mines |   1624 |   1438 |    186 |    262 |    891 |   2 |  812.0 |
   Elven Halls |   5158 |   4970 |    188 |   1147 |   2932 |   3 | 1719.3 |
        Vaults |   9632 |   9013 |    619 |    872 |   6735 |   5 | 1926.4 |
        Depths |   6881 |   6370 |    511 |   1260 |   3962 |   4 | 1720.2 |
           Zot |   3482 |   3255 |    227 |    360 |   2103 |   3 | 1160.7 |
         Abyss |    863 |    863 |      0 |     45 |    195 |   3 |  287.7 |
        Bazaar |    199 |    199 |      0 |      0 |    153 |   2 |   99.5 |
         Trove |    126 |    126 |      0 |      0 |     87 |   1 |  126.0 |
      Ice Cave |   1869 |   1869 |      0 |   1077 |    503 |   1 | 1869.0 |
      Gauntlet |    727 |    727 |      0 |      0 |    381 |   1 |  727.0 |
               +--------+--------+--------+--------+--------+-----+--------+

Top non-repeatable levels by time:
Vaults:3: 2696 daAuts
 Swamp:3: 2388 daAuts
  Lair:6: 2354 daAuts
Depths:4: 2261 daAuts
   Elf:3: 2171 daAuts
  Lair:5: 2143 daAuts
    D:11: 2055 daAuts
Spider:3: 1964 daAuts
  Lair:4: 1957 daAuts
Vaults:4: 1940 daAuts
   IceCv: 1869 daAuts
Vaults:5: 1790 daAuts
   Zot:1: 1784 daAuts
    D:10: 1777 daAuts
    D:12: 1773 daAuts
